Map: [ESL] Ancient Cistern

Players

MeomaikA

  • Race: Zerg Zerg
  • Spawn Location: 7:00

Jieshi - Winner!

  • Race: Protoss Protoss
  • Spawn Location: 1:00

Event: ESL SC2 Masters 2023 Summer (Regionals)

VOD

Have the link to the VOD?

Description

Time

  • Played on: May 13, 2023, 6:40 a.m.
  • Length: 6:18
Show
View Real Time Build Order
Export as new Build Order

MeomaikA Zerg 

Build Orders: Pool First 

Get SALT Encoding   

  12  0:00  Drone  
  13  0:12  Overlord  
  13  0:16  Drone  
  14  0:30  Drone  
  14  0:31  Drone  
  16  0:38  Drone  
  17  0:44  Spawning Pool  
  17  0:47  Drone  
  17  1:08  Hatchery  
  17  1:10  Drone  
  17  1:14  Extractor  
  17  1:15  Drone  
  17  1:22  Drone  
  18  1:31  Zergling x2  
  18  1:32  Queen  
  21  1:38  Drone  
  22  1:49  Overlord  
  22  2:07  Drone  
  22  2:08  Queen  
  25  2:11  Drone  
  25  2:14  Metabolic Boost  
  26  2:20  Drone  
  30  2:22  Drone  
  30  2:32  Drone  
  30  2:33  Drone  
  30  2:40  Drone  
  30  2:42  Hatchery  
  30  2:43  Drone  
  31  2:45  Drone  
  31  2:48  Drone  
  33  2:54  Drone x2  
  35  2:59  Drone  
  35  3:03  Overlord  
  34  3:13  Drone  
  34  3:15  Spore Crawler  
  34  3:16  Drone  
  34  3:19  Lair  
  35  3:21  Extractor  
  35  3:23  Drone x3  
  35  3:24  Drone  
  38  3:27  Drone  
  38  3:31  Spore Crawler  
  38  3:32  Drone  
  39  3:34  Drone  
  39  3:37  Drone  
  41  3:41  Overlord  
  41  3:50  Drone  
  41  3:51  Drone  
  41  3:54  Overlord  
  43  3:56  Zergling x10  
  43  3:58  Zergling x2  
  43  4:00  Zergling x2  
  50  4:07  Overlord  
  50  4:17  Extractor  
  50  4:18  Hydralisk Den  
  50  4:19  Drone x3  
  50  4:20  Drone  
  50  4:22  Overlord  
  50  4:23  Drone x2  
  54  4:25  Drone x2  
  56  4:43  Overlord x2  
  55  4:47  Hydralisk x3  
  55  4:48  Hydralisk x2  
  55  4:52  Muscular Augments  
  65  4:55  Zergling x2  
  66  5:00  Overlord  
  66  5:02  Zergling x8  
  66  5:03  Zergling x2  
  66  5:04  Zergling x2  
  72  5:08  Drone x2  
  73  5:15  Drone  
  73  5:16  Drone, Baneling Nest  
  73  5:18  Zergling x2  
  73  5:19  Queen  
  73  5:21  Zergling x2  
  78  5:22  Drone  
  78  5:24  Drone  
  80  5:28  Zergling x4  
  80  5:30  Zergling x4  
  80  5:31  Zergling x2  
  80  5:33  Zergling x2  
  84  5:36  Overlord  
  84  5:40  Zergling x2  
  84  5:41  Zergling x2  
  75  5:44  Zergling x2  
  69  5:51  Hydralisk  
  69  5:52  Hydralisk x2  
  69  5:53  Hydralisk  
  68  6:00  Drone, Zergling x2  
Show
View Real Time Build Order
Export as new Build Order

Jieshi Protoss - Winner!

Build Orders: 1 Gate Expand 

Get SALT Encoding   

  12  0:00  Probe  
  13  0:12  Probe  
  14  0:18  Pylon  
  14  0:24  Probe (Chrono Boost)  
  15  0:37  Probe (Chrono Boost)  
  15  0:38  Gateway  
  16  0:45  Probe (Chrono Boost)  
  16  0:47  Assimilator  
  17  0:51  Probe  
  18  1:03  Probe  
  19  1:15  Probe  
  20  1:27  Nexus  
  20  1:35  Cybernetics Core  
  20  1:37  Probe  
  21  1:47  Assimilator  
  21  1:49  Probe  
  21  1:52  Pylon  
  23  2:01  Probe  
  23  2:08  Adept (Chrono Boost)  
  23  2:11  Warp Gate  
  23  2:13  Probe  
  26  2:25  Probe  
  26  2:31  Stargate  
  26  2:35  Adept  
  28  2:39  Probe (Chrono Boost)  
  28  2:43  Probe (Chrono Boost)  
  30  2:48  Probe (Chrono Boost)  
  32  2:51  Probe (Chrono Boost)  
  32  2:53  Probe (Chrono Boost)  
  33  3:01  Probe  
  33  3:05  Probe  
  35  3:18  Probe x2  
  41  3:20  Void Ray (Chrono Boost)  
  41  3:25  Gateway, Twilight Council  
  39  3:30  Probe x2  
  39  3:33  Gateway  
  41  3:38  Gateway  
  41  3:42  Probe x2  
  41  3:45  Pylon  
  43  3:54  Probe  
  43  3:55  Probe, Pylon, Resonating Glaives (Chrono Boost)  
  45  4:05  Adept  
  47  4:10  Probe  
  47  4:11  Probe  
  49  4:21  Adept  
  49  4:23  Nexus  
  51  4:27  Adept  
  51  4:28  Adept  
  55  4:31  Pylon  
  55  4:34  Adept  
  55  4:36  Probe  
  55  4:38  Probe  
  58  4:50  Adept x2  
  62  4:53  Pylon  
  62  4:54  Pylon  
  62  4:57  Assimilator  
  62  5:01  Robotics Facility  
  62  5:02  Pylon  
  62  5:03  Pylon  
  62  5:12  Adept x3  
  68  5:14  Adept  
  68  5:17  Shield Battery  
  70  5:22  Probe x2  
  72  5:33  Adept  
  72  5:34  Adept x2  
  72  5:35  Adept  
  80  5:36  Probe  
  73  5:55  Adept x4  
  73  5:56  Probe x3  
  80  6:00  Forge  
Tags
 
Add a new tag
Caveats
  • Supply blocks, unpowered buildings, or Contaminate may cause inaccurate times.
  • Supply counts are checked every 10 seconds.